 Dungeon Crawl Stone Soup version 0.29-a0-284-gf9362112df (webtiles) character file.

Game seed: 12527973513805454849

32 Charmandara the Chopper (level 3, 0/19 HPs)
             Began as a Vine Stalker Berserker on Mar 24, 2022.
             Was a Follower of Trog.
             Succumbed to a scorpion's poison
             ... on level 3 of the Dungeon.
             The game lasted 00:03:55 (281 turns).

Charmandara the Chopper (Vine Stalker Berserker)     Turns: 281, Time: 00:03:55

Health: 0/19       AC:  3    Str: 21    XL:     3   Next: 27%
Magic:  4/4        EV: 12    Int:  7    God:    Trog [*.....]
Gold:   14         SH:  0    Dex: 13    Spells: 2/2 levels left

rFire   . . .      SeeInvis .   a - +0 hand axe
rCold   . . .      Faith    .   (no shield)
rNeg    . . .      Spirit   +   b - +0 animal skin
rPois   .          Reflect  .   c - +0 helmet
rElec   .          Harm     .   (no cloak)
rCorr   .          Rampage  .   (no gloves)
Will    +....                   (no boots)
Stlth   +.........              (no amulet)
HPRegen 0.06/turn               W - ring of willpower
MPRegen 0.09/turn               (no ring)

@: confused, lethally poisoned (0 -> -1), ambrosia-drunk, on berserk cooldown
A: fangs 2, magic shield, antimagic bite, no potion heal 2
a: Renounce Religion, Berserk


You were on level 3 of the Dungeon.
You worshipped Trog.
Trog was aware of your devotion.
You visited 1 branch of the dungeon, and saw 3 of its levels.

You collected 14 gold pieces.

Inventory:

Hand Weapons
 a - a +0 hand axe (weapon)
Armour
 b - a +0 animal skin (worn)
 c - a +0 helmet (worn)
   (You found it on level 1 of the Dungeon)
 g - a +0 plate armour
   (You found it on level 3 of the Dungeon)
 h - a +0 scale mail
   (You found it on level 3 of the Dungeon)
Jewellery
 W - a ring of willpower (left hand)
   (You found it on level 3 of the Dungeon)
Scrolls
 e - 2 scrolls of identify {unknown}
Potions
 f - a potion of attraction {unknown}
 N - a potion of heal wounds {@q2}


   Skills:
 - Level 2.6 Fighting
 + Level 3.9 Axes
 - Level 1.5 Armour
 - Level 1.5 Dodging


You had 2 spell levels left.
You didn't know any spells.
Your spell library contained the following spells:

 Spells                   Type           Power      Damage    Failure   Level
 Magic Dart               Conj           0%         1d3       43%         1
 Call Imp                 Summ           0%         N/A       56%         2
 Mephitic Cloud           Conj/Pois/Air  0%         N/A       80%         3


Dungeon Overview and Level Annotations

Branches:
Dungeon (3/15)

Altars:

Annotations:
D:3 1 runed translucent door, siradein's ghost, amateur TrNe


Innate Abilities, Weirdness & Mutations

You have extremely sharp teeth.
When hurt, damage is shared between your health and your magic reserves.
Your bite disrupts and absorbs the magic of your enemies.
Potions cannot restore your health.


Message History

g - a +0 plate armour The worm bites you!
You take 5 damage, and have 5/16 hp.
MASSIVE DAMAGE!!
You now have 1/3 mp.
Unknown command.
You feel yourself speed up.
You see here a +0 scale mail.
h - a +0 scale mail You recover from your berserk rage.
MP restored: 3
Things that are here:
a bat corpse; a rat corpse You see here a scroll labelled USAMEN IMITZ.
e - 2 scrolls labelled USAMEN IMITZ (gained 1) Siradein's ghost says, "Don't worry, I won't let your corpse go to waste."
Found a stone staircase leading down.
i - 2 inky potions
There are no items here.
W - a ring of willpower (left hand)
An adder comes into view.
There is a stone staircase leading down here.
You fail to use your ability.
Unknown command.
Unknown command.
A red film seems to cover your vision as you go berserk!
You feel yourself moving faster!
You feel mighty! The adder misses you.
You now have 13/24 hp.
Unknown command.
You miss the adder. Your bite misses the adder. The adder bites you.
You take 1 damage, and have 12/24 hp.
You slice the adder!!
You feel the power of Trog in you as your rage grows.
You kill the adder!
Trog accepts your kill.
You have reached level 3!
Your experience leads to an increase in your attributes!
Increase (s)trength, (i)ntelligence, or (d)exterity?
You feel stronger. x2
You regained 2 hp, and now have 14/28 hp.
MP restored: 4 You hit the worm.
You punch the worm. You slash the worm! You bite the worm.
You kill the worm!
Trog accepts your kill.
There is a stone staircase leading down here.
Things that are here:
a worm corpse; an adder corpse You feel a strong urge to attack something.
Unknown command.
You feel your anger nearly subside.
You are no longer berserk.
You are exhausted.
You feel yourself slow down.
You now have 9/19 hp.
Unknown command.
Unknown command.
A scorpion comes into view.
Found a stone staircase leading up.
You aren't carrying any items that you can evoke.
It was a potion of heal wounds.
That seemed strangely inert.
N - a potion of heal wounds You feel yourself speed up.
The scorpion misses you. The scorpion attacks as you move away!
The scorpion stings you.
You are lethally poisoned!
The scorpion poisons you!
You feel very sick.
You take 2 damage, and have 9/19 hp.
You now have 3/4 mp.
Unknown command.
You feel sick. The scorpion misses you.
You take 2 damage, and have 7/19 hp.
You feel sick.
You take 1 damage, and have 6/19 hp.
Okay, then.
* * * LOW HITPOINT WARNING * * *
You feel sick.
Siradein's ghost whispers, "Meet the emptiness of death!"
You take 2 damage, and have 4/19 hp.
The scorpion attacks as you move away! The scorpion stings you.
* * * LOW HITPOINT WARNING * * *
You feel sick.
You take 1 damage, and have 3/19 hp.
You now have 2/4 mp.
Unknown command.
Unknown command.
The scorpion attacks as you move away! The scorpion closely misses you.
* * * LOW HITPOINT WARNING * * *
You feel sick.
You take 1 damage, and have 2/19 hp.
Here: a scorpion The floor.
You hit the scorpion. You bite the scorpion. You drain its power.
You feel invigorated.
* * * LOW HITPOINT WARNING * * *
You feel sick. The scorpion stings you. The scorpion barely misses you.
You take 1 damage, and have 1/19 hp.
You now have 1/4 mp.
Unknown command.
It was a potion of ambrosia.
You are confused.
Your system rejects the healing.
You feel invigorated.
You die...

#....# #....# #....# #....#
#....# #....#####
#####........##############
...w.............#........#
####.....#####..@s.....?..#
#.######.####..........#
#.######.###...........####.
####.#...#..##...#+#.......<...
................##W##....####..
w..#.w.........##...##.........
..............##.....##..#####.
...........#..#⌠.?♣!.⌠#...###
...#......##..##.....##.....##...


You could see a scorpion and siradein's ghost.

Vanquished Creatures
  2 adders
  A worm (D:3)
  An endoplasm (D:2)
  A giant cockroach (D:3)
  2 goblins (D:2)
  A ball python (D:3)
  3 bats
  A frilled lizard (D:3)
  A kobold (D:2)
  2 rats (D:3)
15 creatures vanquished.

Notes
Turn   | Place    | Note
-------+----------+-------------------------------------------
     0 | D:1      | Charmandara the Vine Stalker Berserker began the quest for
                  | the Orb.
     0 | D:1      | Reached XP level 1. HP: 11/11 MP: 2/2
    41 | D:2      | Reached skill level 3 in Axes
    41 | D:2      | Reached XP level 2. HP: 16/16 MP: 3/3
   142 | D:3      | Found a runed translucent door.
   142 | D:3      | Noticed siradein's ghost (amateur TrNe)
   245 | D:3      | Reached XP level 3. HP: 14/19 MP: 4/4
   269 | D:3      | Noticed a scorpion
   277 | D:3      | HP: 4/19 [poisoned by a scorpion]
   280 | D:3      | HP: 1/19 [poisoned by a scorpion]
   281 | D:3      | Succumbed to a scorpion's poison

Illustrated notes

Levels and vault maps discovered:
D:1:      dpeg_arrival_castle, layout_basic, nicolae_ecumenical_snake_handling
D:2:      layout_rooms, uniq_robin
D:3:      layout_rooms, lemuel_round_altar, hellmonk_ghost_happy_afterlife

Skill      XL: |  1 |
---------------+----+-----
Axes           | 3 |  3.9
Fighting       | |  2.6
Armour         | |  1.5
Dodging        | |  1.5

Action                   || total
-------------------------++-------
Melee: Hand axe          ||    23
       Bite              ||     4
       Punch             ||     1
Invok: Berserk           ||     3
  Use: Potion            ||     2
Armor: Animal skin       ||    42
Dodge: Dodged            ||    79

Table legend: (Time is in decaauts)
 A = Elapsed time spent in this place.
 B = Non-inter-level travel time spent in this place.
 C = Inter-level travel time spent in this place.
 D = Time resting spent in this place.
 E = Time spent auto-exploring this place.
 F = Levels seen in this place.
 G = Mean time per level.
                   A        B        C        D        E       F      G
               +--------+--------+--------+--------+--------+-----+--------+
         Total |    308 |    308 |      0 |      0 |      0 |   3 |  102.7 |
       Dungeon |    308 |    308 |      0 |      0 |      0 |   3 |  102.7 |
               +--------+--------+--------+--------+--------+-----+--------+

Top non-repeatable levels by time:
     D:3: 207 daAuts
     D:2: 67 daAuts
     D:1: 33 daAuts

Table legend:
 A = Kills in this place as a percentage of kills in entire the game.
 B = Kills by you in this place as a percentage of kills by you in the entire game.
 C = Kills by friends in this place as a percentage of kills by friends in the entire game.
 D = Other kills in this place as a percentage of other kills in the entire game.
 E = Experience gained in this place as a percentage of experience gained in the entire game.
 F = Experience gained in this place divided by the number of levels of this place that you have seen.
                   A       B       C       D       E      F
               +-------+-------+-------+-------+-------+----------------------
         Total | 100.0 | 100.0 |   N/A |   N/A | 100.0 |  15.7
       Dungeon | 100.0 | 100.0 |   N/A |   N/A | 100.0 |  15.7
               +-------+-------+-------+-------+-------+----------------------
